 Dungeon Crawl Stone Soup version 0.24.1-8-ga250c9d538 (webtiles) character file.

Game seed: 4233149650225656845, levelgen mode: deterministic

189 Peloso the Shield-Bearer (level 5, -2/41 HPs)
             Began as a Demonspawn Fighter on Apr 28, 2020.
             Succumbed to an orc wizard's poison
             ... on level 4 of the Dungeon.
             The game lasted 00:03:32 (2483 turns).

Peloso the Shield-Bearer (Demonspawn Fighter)       Turns: 2483, Time: 00:03:33

Health: -2/41      AC:  6    Str: 17    XL:     5   Next: 40%
Magic:  5/5        EV:  7    Int:  9    God:
Gold:   192        SH:  9    Dex: 13    Spells: 4/4 levels left

rFire    + . .     SeeInvis .   a - +0 long sword
rCold    . . .     Gourm    .   c - +0 shield
rNeg     . . .     Faith    .   b - +0 scale mail
rPois    .         Spirit   .   (no helmet)
rElec    .         Reflect  .   (no cloak)
rCorr    .         Harm     .   (no gloves)
MR       .....                  (no boots)
Stlth    ..........             e - amulet of the acrobat
HPRegen  0.13/turn              (no ring)
MPRegen  0.09/turn              (no ring)

@: lethally poisoned (-2 -> -44)
A: fire resistance 1
a: no special abilities


You were on level 4 of the Dungeon.
You were not hungry.

You visited 1 branch of the dungeon, and saw 4 of its levels.

You collected 192 gold pieces.

Inventory:

Hand Weapons
 a - a +0 long sword (weapon)
Armour
 b - a +0 scale mail (worn)
 c - a +0 shield (worn)
Jewellery
 e - an amulet of the acrobat (around neck)
Scrolls
 g - a scroll of fear {unknown}
 h - 2 scrolls of magic mapping {unknown}
 i - a scroll of enchant weapon {unknown}
 j - 2 scrolls of teleportation {unknown}
 k - 2 scrolls of enchant armour {unknown}
 l - 3 scrolls of identify {unknown}
 m - a scroll of random uselessness {unknown}
Potions
 d - a potion of might
 n - a potion of degeneration {unknown}
Comestibles
 f - 3 rations


   Skills:
 + Level 3.3 Fighting
 + Level 3.4 Long Blades
 + Level 3.5 Armour
 + Level 0.5 Dodging
 + Level 0.8 Stealth
 + Level 3.5 Shields


You had 4 spell levels left.
You didn't know any spells.
Your spell library was empty.

Dungeon Overview and Level Annotations

Branches:
Dungeon (4/15)
 Temple: D:4-7

Altars:


Innate Abilities, Weirdness & Mutations

Your flesh is heat resistant. (rF+)


Message History

You feel less confused.
You feel very sick.
The orc wizard gestures at you while chanting.
You resist with some effort.
Unknown command.
You hit the orc wizard.
You kill the orc wizard!
* * * LOW HITPOINT WARNING * * *
You feel very sick.
Unknown command.
You slash the orc wizard!
The orc wizard is heavily wounded.
* * * LOW HITPOINT WARNING * * *
You feel very sick.
The orc wizard hits you with a +0 dagger.
* * * LOW HITPOINT WARNING * * *
A worm comes into view.
You hit the orc wizard.
The orc wizard is almost dead.
You die...

#.# # #.# .#
#.#
####w.###
#.#
#.@oo>..#
#.#
#.#######
#.# #.# #.#
#.# ####.###
#.# #.<#...#
#.# #.#....#
#.# #.#.##.#
#.#
#.#.######.#


You could see a worm, an orc wizard and an orc.

Vanquished Creatures
  2 orc priests (D:3)
  A worker ant (D:4)
  An orc wizard (D:4)
  2 adders
  An ooze (D:1)
  A worm (D:3)
  3 leopard geckos
  4 orcs (D:3)
  5 giant cockroaches
  4 goblins
  6 hobgoblins
  4 jackals (D:1)
  4 kobolds
  7 bats
  A frilled lizard (D:3)
  3 rats
49 creatures vanquished.

Notes
Turn   | Place    | Note
-------+----------+-------------------------------------------
     0 | D:1      | Peloso the Demonspawn Fighter began the quest for the Orb.
     0 | D:1      | Reached XP level 1. HP: 18/18 MP: 1/1
    87 | D:1      | Gained mutation: Your flesh is heat resistant. (rF+)
                  | [demonic ancestry]
    87 | D:1      | Reached XP level 2. HP: 21/24 MP: 2/2
   489 | D:1      | Reached XP level 3. HP: 29/29 MP: 3/3
  1710 | D:3      | Reached XP level 4. HP: 35/35 MP: 4/4
  2047 | D:3      | Reached XP level 5. HP: 35/41 MP: 5/5
  2483 | D:4      | Succumbed to an orc wizard's poison

Levels and vault maps discovered:
D:1:      lightli_arrival_flooded_house, layout_basic
D:2:      layout_loops_ring, st_stairs_3
D:3:      layout_rooms
D:4:      layout_basic, biasface_ghost_orc_armoury

Skill      XL: |  1  2  3  4 |
---------------+-------------+-----
Long Blades    | 2 3 |  3.4
Armour         | 3 |  3.5
Shields        | 3 |  3.5
Fighting       | |  3.3
Dodging        | |  0.5
Stealth        | |  0.8

Action                   |  1- 3 |  4- 6 || total
-------------------------+-------+-------++-------
Melee: Long sword        |   123 |    35 ||   158
  Use: Potion            |     4 |     1 ||     5
 Stab: Invisible         |     2 |       ||     2
  Eat: Chunk             |     3 |       ||     3
       Ration            |       |     1 ||     1
Armor: Scale mail        |    57 |     8 ||    65
Dodge: Dodged            |    46 |    14 ||    60
Block: Shield            |    60 |    14 ||    74
       Rpst.: Long sword |    14 |     6 ||    20
